 Dungeon Crawl Stone Soup version 0.29.0-15-g675c0067aa (webtiles) character file.

Game seed: 12458514479919039639

2 qw the Sneak (level 1, -1/14 HPs)
             Began as a Gargoyle Delver on Sept 11, 2022.
             Slain by an orc
             ... wielding a +0 club
              (4 damage)
             ... on level 3 of the Dungeon.
             The game lasted 00:00:01 (45 turns).

qw the Sneak (Gargoyle Delver)                        Turns: 45, Time: 00:00:01

Health: -1/14      AC:  5    Str: 15    XL:     1   Next: 30%
Magic:  1/1        EV: 11    Int: 10    God:
Gold:   13         SH:  0    Dex: 11    Spells: 0/0 levels left

rFire   . . .      SeeInvis .   a - +0 hand axe
rCold   . . .      Faith    .   (no shield)
rNeg    + . .      Spirit   .   b - +0 leather armour
rPois   inf        Reflect  .   (no helmet)
rElec   +          Harm     .   (no cloak)
rCorr   .          Rampage  .   (no gloves)
Will    .....                   (no boots)
Stlth   +++.......              (no amulet)
HPRegen 0.04/turn               (no ring)
MPRegen 0.07/turn               (no ring)

@: no status effects
A: sickness immunity, AC +2, negative energy resistance 1, electricity
resistance, torment resistance 1, petrification resistance
a: no special abilities


You were on level 3 of the Dungeon.
You visited 1 branch of the dungeon, and saw 3 of its levels.

You collected 13 gold pieces.


Innate Abilities, Weirdness & Mutations

You are immune to sickness and miasma.
Your stone body is resilient. (AC +2)
You are immune to poison.
You resist negative energy. (rN+)
You are resistant to electric shocks. (rElec)
You are resistant to unholy torment.
You are immune to petrification.


   Skills:
 - Level 3.2 Fighting
 + Level 2.0 Axes
 - Level 1.5 Dodging
 - Level 5.4 Stealth


You couldn't memorise any spells.
You didn't know any spells.
Your spell library was empty.

Inventory:

Hand Weapons
 a - a +0 hand axe (weapon)
Armour
 b - a +0 leather armour (worn)
Wands
 g - a wand of digging (3)
Potions
 f - a potion of haste

Dungeon Overview and Level Annotations

Branches:
Dungeon (5/15)
 Temple: D:4-7

Altars:


Message History

There is a stone staircase leading down here.
There are monsters nearby!
Existing waypoints: (1) D:4 (2) D:5 Assign waypoint to what number? (0-9, D - delete waypoint) Waypoint 2 re-assigned from D:5 to D:3.
Enter note: An endoplasm comes into view.
An orc comes into view. It is wielding a +0 club.
You barely miss the bat. You closely miss the orc. The bat hits you.
An adder comes into view.
An orc comes into view. It is wielding a +0 club.
The orc hits you but does no damage.
You hit the orc.
The orc is moderately wounded.
You barely miss the orc. You hit the frilled lizard.
You kill the frilled lizard!
The orc completely misses you. The orc barely misses you.
You barely miss the orc.
The orc is moderately wounded.
You hit the endoplasm. You barely miss the orc.
You closely miss the frilled lizard. You completely miss the bat.
The bat hits you but does no damage. The endoplasm closely misses you.
The orc misses you. The frilled lizard bites you.
The orc hits you but does no damage.
You slash the endoplasm!
You kill the endoplasm!
You hit the orc. You closely miss the frilled lizard. You hit the orc.
The orc hits you with a +0 whip. The orc closely misses you.
The frilled lizard bites you but does no damage.
Your Axes skill increases to level 2!
You barely miss the orc.
The orc is heavily wounded.
You hit the orc. You closely miss the orc. You hit the frilled lizard.
You kill the frilled lizard!
You barely miss the orc. The orc hits you with a +0 war axe.
The orc barely misses you. The orc hits you with a +0 short sword.
The orc hits you with a +0 club.
You die...

....##
...#.. ..
.. #>.....
. ....
......#
..##.#.
......#
.)>..
[o.....
..S#.......
#ooob...#
#.@o#
#...#.....#
#..##
#.....#
.... .....#
..# #.!.# .
...# #.# .#


You could see an adder, 5 orcs and a bat.

Vanquished Creatures
  An endoplasm (D:3)
  2 frilled lizards (D:3)
3 creatures vanquished.

Notes
Turn   | Place    | Note
-------+----------+-------------------------------------------
     0 | D:5      | qw the Gargoyle Delver began the quest for the Orb.
     0 | D:5      | Reached XP level 1. HP: 14/14 MP: 1/1
     0 | D:5      | 0 ||| qw: Version: 0.1-a-117-gfe26ee0
     0 | D:5      | 0 ||| qw: Game counter: 9955
     0 | D:5      | 0 ||| qw: Always use a shield: true
     0 | D:5      | 0 ||| qw: God list: Okawaru
     0 | D:5      | 0 ||| qw: Allow faded altars: false
     0 | D:5      | 0 ||| qw: Do Orc after D:15 true
     0 | D:5      | 0 ||| qw: Do second Lair branch before Depths: true
     0 | D:5      | 0 ||| qw: Lair rune preference: random
     0 | D:5      | 0 ||| qw: Plans: Normal
     0 | D:5      | 0 ||| PLANNING D:1-11
    20 | D:5      | 20 ||| DROPPING scroll of fog.
    21 | D:5      | 21 ||| DROPPING scroll of magic mapping.
    22 | D:5      | 22 ||| DROPPING scroll of fear.
    45 | D:3      | HP: 3/14 [orc/+0 short sword (2)]
    45 | D:3      | Slain by an orc

Levels and vault maps discovered:
D:3:      layout_rooms, nemelex_altar_shiori
D:4:      layout_cave_pools, led_sif_pool, makhleb_blood_cavern_becter,
          minmay_temple_entry_antechambers, kennysheep_minor_cross,
          uniq_eustachio
D:5:      layout_rooms, ebering_ghost_sewer_d, kennysheep_windowed_goal,
          uniq_blork_the_orc

Skill      XL: |  1 |
---------------+----+-----
Axes           | 2 |  2.0
Fighting       | |  3.2
Dodging        | |  1.5
Stealth        | |  5.4

Action                   || total
-------------------------++-------
Melee: Hand axe          ||     5
Armor: Leather armour    ||     4
Dodge: Dodged            ||     6

Table legend:
 A = Non-vault XP
 B = Vault XP
 C = Vault XP percentage of total XP
 D = Non-vault monster count
 E = Vault monster count
 F = Vault count percentage of total count
                 A         B        C        D         E       F
            +---------+---------+-------+---------+---------+-------
      Total |       4 |       0 |   0.0 |       3 |       0 |   0.0
            +---------+---------+-------+---------+---------+-------
        D:3 |       4 |       0 |   0.0 |       3 |       0 |   0.0
            +---------+---------+-------+---------+---------+-------
